 Dungeon Crawl Stone Soup version 0.24-a0-458-gfcb5e6da0e (webtiles) character file.

Game seed: 13178831669341813444

64838 Krouwed the Champion of Chaos (level 14, -1/113 HPs)
             Began as a Demonspawn Fighter on June 27, 2019.
             Was the Champion of Makhleb.
             Slain by a shock serpent (10 damage)
             ... on level 1 of the Snake Pit.
             The game lasted 01:30:54 (21691 turns).

Krouwed the Champion of Chaos (Demonspawn Fighter) Turns: 21691, Time: 01:30:55

Health: -1/113     AC: 17    Str: 20    XL:     14   Next: 73%
Magic:  0/25       EV:  6    Int: 11    God:    Makhleb [******]
Gold:   1451       SH: 18    Dex: 13    Spells: 13/13 levels left

rFire    + . .     SeeInvis .   a - +1 war axe of the Philosopher {elec, rN+}
rCold    . . .     Gourm    .   c - +1 shield
rNeg     + . .     Faith    .   F - +0 plate armour {MR+}
rPois    .         Spirit   +   (helmet unavailable)
rElec    .         Reflect  +   W - scarf {cloud immunity}
rCorr    +         Harm     .   (no gloves)
MR       ++...                  M - +1 pair of boots
Stlth    ..........             O - +5 amulet of reflection
HPRegen  0.28/turn              g - ring of protection from fire
MPRegen  0.19/turn              I - ring of resist corrosion

@: very slightly contaminated
A: horns 3, demonic guardian 2, magic shield, sturdy frame 1
a: Minor Destruction, Lesser Servant of Makhleb, Major Destruction, Greater
Servant of Makhleb, Renounce Religion


You were on level 1 of the Snake Pit.
You worshipped Makhleb.
Makhleb was exalted by your worship.
You were not hungry.

You visited 5 branches of the dungeon, and saw 22 of its levels.
You also visited: Ice Cave.

You collected 2191 gold pieces.
You spent 740 gold pieces at shops.

Inventory:

Hand Weapons
 a - the +1 war axe of the Philosopher (weapon) {elec, rN+}
   (You found it on level 5 of the Dungeon)

   Occasionally, upon striking a foe, it will discharge some electrical energy
   and cause terrible harm.
   It protects you from negative energy.
 b - the +5 hunting sling of Geconnul {velocity, rC- MP-9 Str+9 SInv}
   (You found it on level 4 of the Dungeon)

   Any stone fired from it inflicts extra damage.
   It affects your strength (+9).
   It makes you vulnerable to cold.
   It affects your magic capacity (-9).
   It lets you see invisible.
 j - a +1 spear of venom
 w - a +0 broad axe
Missiles
 x - 76 sling bullets
 L - a curare-tipped dart (quivered)
Armour
 c - a +1 shield (worn)
 F - a +0 plate armour of magic resistance (worn)
 M - a +1 pair of boots (worn)
 W - a scarf of cloud immunity (worn)
Jewellery
 g - a ring of protection from fire (left hand)
 u - an uncursed ring of see invisible
 I - a ring of resist corrosion (right hand)
 O - a +5 amulet of reflection (around neck)
Wands
 y - a wand of polymorph (10)
 z - a wand of digging (8)
 H - a wand of iceblast (12)
 J - a wand of flame (2)
 N - a wand of random effects (88)
 S - a wand of disintegration (11)
 X - a wand of clouds (5)
 Z - a wand of enslavement (8)
Scrolls
 n - 4 scrolls of immolation
 s - 5 scrolls of enchant armour
 t - 11 scrolls of remove curse
 v - 5 scrolls of enchant weapon
 A - 4 scrolls of amnesia
 B - 8 scrolls of magic mapping
 C - 3 scrolls of fear
 E - a scroll of identify
 G - 7 scrolls of teleportation
 R - 3 scrolls of fog
 Y - a scroll of blinking
Potions
 d - a potion of might
 e - 2 potions of invisibility
 h - 7 potions of lignification
 i - a potion of magic
 l - 11 potions of curing
 m - a potion of cancellation
 o - 2 potions of berserk rage
 p - 6 potions of haste
 q - 4 potions of brilliance
 r - 5 potions of agility
 D - 4 potions of mutation
 K - 3 potions of ambrosia
 Q - 3 potions of resistance
Miscellaneous
 P - a lightning rod (4/4)
 T - a lamp of fire
 V - a sack of spiders
Comestibles
 f - 39 rations


   Skills:
 + Level 11.2 Fighting
 + Level 12.8 Axes
 + Level 10.4 Armour
 + Level 10.5 Shields
 + Level 15.4 Invocations


You had 13 spell levels left.
You didn't know any spells.
Your spell library contained the following spells:

 Spells                   Type           Power        Failure   Level  Hunger
 Animate Skeleton         Necr           N/A          99%         1    ##.....
 Confusing Touch          Hex            #.....       99%         1    ##.....
 Corona                   Hex            #......      99%         1    ##.....
 Pain                     Necr           #...         99%         1    ##.....
 Sandblast                Erth           #.....       99%         1    ##.....
 Sting                    Conj/Pois      #...         99%         1    ##.....
 Summon Small Mammal      Summ           #...         99%         1    ##.....
 Call Imp                 Summ           #.......     100%        2    ###....
 Passwall                 Tmut/Erth      #.......     100%        2    ###....
 Poisonous Vapours        Pois/Air       #.....       100%        2    ###....
 Slow                     Hex            #.......     100%        2    ###....
 Call Canine Familiar     Summ           #.......     100%        3    ####...
 Confuse                  Hex            #.......     100%        3    ####...
 Gell's Gravitas          Tloc           #.........   100%        3    ####...
 Inner Flame              Hex/Fire       #.......     100%        3    ####...
 Mephitic Cloud           Conj/Pois/Air  #.......     100%        3    ####...
 Portal Projectile        Hex/Tloc       #.....       100%        3    ####...
 Regeneration             Chrm/Necr      #.........   100%        3    ####...
 Stone Arrow              Conj/Erth      #.....       100%        3    ####...
 Summon Guardian Golem    Hex/Summ       #.......     100%        3    ####...
 Vampiric Draining        Necr           #.........   100%        3    ####...
 Animate Dead             Necr           N/A          100%        4    #####..
 Cause Fear               Hex            #.........   100%        4    #####..
 Leda's Liquefaction      Hex/Erth       #.........   100%        4    #####..
 Olgreb's Toxic Radiance  Pois           #.......     100%        4    #####..
 Petrify                  Tmut/Erth      #.......     100%        4    #####..
 Summon Ice Beast         Ice/Summ       #.......     100%        4    #####..
 Summon Lightning Spire   Summ/Air       #.......     100%        4    #####..
 Lee's Rapid Deconstruct  Erth           #.........   100%        5    ######.
 Metabolic Englaciation   Hex/Ice        #.........   100%        5    ######.
 Venom Bolt               Conj/Pois      #.........   100%        5    ######.
 Yara's Violent Unravell  Hex/Tmut       #.........   100%        5    ######.


Dungeon Overview and Level Annotations

Branches:
Dungeon (12/15)            Temple (1/1) D:4            Lair (6/6) D:9
 Shoals (0/4) Lair:4        Snake (1/4) Lair:4        Slime (0/5) Lair:6
    Orc (2/2) D:10            Elf (0/3) Orc:2

Altars:
Ashenzari
Cheibriados
Dithmenos
Elyvilon
Fedhas
Gozag
Hepliaklqana
Kikubaaqudgha
Makhleb
Nemelex Xobeh
Okawaru
Qazlal
Ru
Sif Muna
Trog
Uskayaw
Vehumet
Wu Jian
Xom
Yredelemnul
Zin
The Shining One
Beogh

Shops:
D:8 ?   D:12 %   Orc:2 ?*![

Annotations:
D:4 1 runed translucent door, exclusion: door, Crazy Yiuf
D:6 exclusions: door and player ghost
D:9 exclusion: door
Lair:4 1 runed translucent door, Krouwed's ghost, journeyman DsNe


Innate Abilities, Weirdness & Mutations

You have a pair of large horns on your head.
A demonic guardian rushes to your aid.
When hurt, damage is shared between your health and your magic reserves.
Your movements are slightly less encumbered by armour. (ER -2)


Message History

The bolt of electricity hits you!
* * * LOW HITPOINT WARNING * * *
The bolt of electricity hits the shock serpent.
The shock serpent completely resists.
Your soul eater barely misses the shock serpent.
You catch the helpless shock serpent completely off-guard!
You hit the shock serpent. Your headbutt misses the shock serpent.
The shock serpent is heavily wounded.
The shock serpent barely misses you.
Your soul eater barely misses the shock serpent.
You barely miss the shock serpent. Your headbutt misses the shock serpent.
The shock serpent is heavily wounded.
The shock serpent bites you!
* * * LOW HITPOINT WARNING * * *
The shock serpent shocks you!
* * * LOW HITPOINT WARNING * * *
You feel better. The shock serpent bites you.
* * * LOW HITPOINT WARNING * * *
The shock serpent shocks you!
You die...

#....# ##. #.(..###..
#####.........#######.
#.......#...#.........
#...).### #...######
#.....# #...####
####.##### #.).>.[#
#..3S...#######...#
###.@.#...........###
#...#####..).......
##### #...###...#
##### #...# ......#
#.....## #.....#
###...# #####


You could see a shock serpent and a friendly soul eater.

Vanquished Creatures
  Rupert (D:12)
  Gastronok (Lair:2)
  An orc warlord (Orc:2)
  A stone giant (Orc:2)
  Snorg (Lair:6)
  Josephine (Lair:4)
  Harold (D:8)
  A naga warrior (Snake:1)
  A hydra (Lair:5)
  A catoblepas (Lair:6)
  2 two-headed ogres
  A dancing weapon (D:6)
  3 orc high priests (Orc:2)
  The ghost of swagumen the Cleaver, a novice MiBe of Trog (D:9)
  An unseen horror (D:10)
  A lindwurm (Lair:6)
  Pikel (D:4)
  A mana viper (Snake:1)
  3 orc knights (Orc:2)
  3 ugly things
  A faun (Lair:3)
  4 orc sorcerers (Orc:2)
  2 manticores (Lair:6)
  A deep elf mage (D:12)
  A cyclops (Orc:2)
  A naga mage (Snake:1)
  3 elephants (Lair:6)
  3 ice statues (IceCv)
  5 black mambas
  A gargoyle (D:12)
  6 spiny frogs
  A kobold demonologist (D:3)
  A torpor snail (Lair:6)
  3 rime drakes (Lair:6)
  4 komodo dragons
  2 ice devils (Lair:3)
  4 trolls
  A queen bee (D:9)
  Prince Ribbit (D:9)
  13 blink frogs
  6 hippogriffs
  2 dream sheep (Lair:6)
  5 wraiths
  3 wyverns
  3 basilisks
  2 hungry ghosts
  15 yaks
  4 wargs
  4 nagas
  7 porcupines
  9 water moccasins
  3 sky beasts
  37 orc warriors
  7 ice beasts
  16 ogres
  2 black bears (D:12)
  7 centaurs
  2 phantoms
  An eye of draining (D:10)
  20 wolves
  11 crocodiles
  Blork the orc (D:4)
  12 bullfrogs
  A big kobold (D:10)
  A gnoll sergeant (D:8)
  2 scorpions
  16 killer bees
  5 howler monkeys (D:8)
  A troll skeleton (D:11)
  3 electric eels (Lair:5)
  7 crimson imps
  A centaur zombie (D:9)
  6 hounds
  A quasit (D:8)
  3 human zombies (D:11)
  A gnoll shaman (D:10)
  A jelly (D:10)
  26 orc priests
  4 centaur skeletons
  22 orc wizards
  6 bullfrog skeletons
  A human skeleton (D:11)
  7 iguanas
  8 worker ants
  A killer bee zombie (D:9)
  An ogre skeleton (D:11)
  2 mummies (D:11)
  4 worker ant zombies
  9 gnolls
  5 adders
  A shadow imp (D:9)
  An ooze (D:1)
  5 worms
  7 dart slugs
  4 leopard geckos
  108 orcs
  4 ball pythons
  6 giant cockroaches
  10 goblins
  6 hobgoblins
  13 jackals
  8 quokkas
  8 bats
  3 frilled lizards
  15 kobolds
  A leopard gecko skeleton (D:7)
  A leopard gecko zombie (D:9)
  2 orc skeletons (D:11)
  An orc zombie (D:11)
  12 rats
  2 fungi
  4 plants
631 creatures vanquished.

Vanquished Creatures (collateral kills)
  Fannar (Lair:2)
  3 hydras (Lair:6)
  Erica (D:8)
  2 two-headed ogres
  An orc high priest (Orc:2)
  A naga ritualist (Snake:1)
  2 orc sorcerers (Orc:2)
  2 ugly things (D:11)
  A manticore (D:11)
  An elephant (Lair:6)
  5 black mambas
  3 spiny frogs
  The ghost of SnubMonkey the Insei, a novice DgTm (D:6)
  A rime drake (Lair:6)
  A komodo dragon (Lair:6)
  2 trolls
  A hornet (D:8)
  6 blink frogs
  A hippogriff (D:8)
  7 yaks
  2 wraiths (Lair:4)
  2 basilisks
  A hungry ghost (D:10)
  2 water moccasins (Lair:6)
  8 orc warriors
  2 ice beasts (IceCv)
  A phantom (D:7)
  3 ogres
  7 wolves (Lair:3)
  3 centaurs
  2 bullfrogs
  2 scorpions
  A howler monkey (D:8)
  A crimson imp (D:6)
  A bullfrog skeleton (D:12)
  A quasit (D:8)
  A bullfrog zombie (D:11)
  5 orc priests
  A hound (D:6)
  5 orc wizards
  2 gnolls (D:7)
  2 adders
  A leopard gecko (D:4)
  20 orcs
  A hobgoblin (D:3)
  A kobold (D:10)
121 creatures vanquished.

Vanquished Creatures (others)
  4 slaves (D:4)
  A centaur (D:11)
  An orc priest (Orc:2)
  An orc (Orc:2)
  A fungus (Lair:5)
  A plant (Lair:3)
9 creatures vanquished.

Grand Total: 761 creatures vanquished

Notes
Turn   | Place    | Note
-------+----------+-------------------------------------------
     0 | D:1      | Krouwed the Demonspawn Fighter began the quest for the Orb.
     0 | D:1      | Reached XP level 1. HP: 18/18 MP: 1/1
   148 | D:1      | Gained mutation: A weak demonic guardian rushes to your
                  | aid. [demonic ancestry]
   148 | D:1      | Reached XP level 2. HP: 15/24 MP: 2/2
   523 | D:1      | Gained mutation: You have a pair of small horns on your
                  | head. [demonic ancestry]
   523 | D:1      | Reached XP level 3. HP: 20/29 MP: 3/3
  1215 | D:2      | Gained mutation: When hurt, damage is shared between your
                  | health and your magic reserves. [demonic ancestry]
  1215 | D:2      | Reached XP level 4. HP: 28/35 MP: 4/4
  1563 | D:3      | Found a glowing silver altar of Zin.
  1564 | D:3      | Found a snail-covered altar of Cheibriados.
  1729 | D:3      | Reached XP level 5. HP: 38/41 MP: 3/5
  1737 | D:3      | Noticed a kobold demonologist
  1745 | D:3      | Noticed a chaos spawn
  1765 | D:3      | Noticed an ice devil
  1974 | D:3      | Noticed a hellwing
  1982 | D:3      | Killed a kobold demonologist
  1982 | D:3      | Reached XP level 6. HP: 5/48 MP: 1/6
  2504 | D:3      | Found a shimmering altar of Xom.
  2504 | D:3      | Found a bloodstained altar of Trog.
  2507 | D:3      | Found an opulent altar of Gozag.
  2756 | D:3      | Found a shadowy altar of Dithmenos.
  2758 | D:3      | Found a hazy altar of Hepliaklqana.
  2912 | D:4      | Reached XP level 7. HP: 37/54 MP: 4/7
  3032 | D:4      | Reached skill level 5 in Axes
  3225 | D:4      | Found a runed translucent door.
  3226 | D:4      | Noticed Crazy Yiuf
  3287 | D:4      | Found a staircase to the Ecumenical Temple.
  3306 | D:4      | Noticed Blork the orc
  3308 | D:4      | Noticed Pikel
  3309 | D:4      | Got a warped hunting sling
  3343 | Temple   | Entered the Ecumenical Temple
  3427 | Temple   | Became a worshipper of Makhleb the Destroyer
  3446 | D:4      | Killed Pikel
  3446 | D:4      | Reached skill level 5 in Fighting
  3446 | D:4      | Gained mutation: A demonic guardian rushes to your aid.
                  | [demonic ancestry]
  3446 | D:4      | Reached XP level 8. HP: 48/62 MP: 4/8
  3461 | D:4      | Killed Blork the orc
  3742 | D:4      | Got a transparent leather armour
  3743 | D:4      | Identified the cursed +0 leather armour of Patience {rF++
                  | rC+ Dex+3} (You found it on level 4 of the Dungeon)
  3819 | D:5      | Entered Level 5 of the Dungeon
  3903 | D:5      | Found a stormy altar of Qazlal.
  3911 | D:5      | Found a blossoming altar of Fedhas.
  4037 | D:5      | Got a warped war axe
  4038 | D:5      | Identified the cursed +1 war axe of the Philosopher {elec,
                  | rN+} (You found it on level 5 of the Dungeon)
  4100 | D:5      | Found a burning altar of Makhleb.
  4325 | D:5      | Reached skill level 5 in Armour
  4442 | D:5      | Reached skill level 5 in Shields
  4663 | D:6      | Reached * piety under Makhleb
  4806 | D:6      | Found a runed translucent door.
  4807 | D:6      | Found a shimmering altar of Xom.
  4807 | D:6      | Noticed SnubMonkey's ghost (novice DgTm)
  4807 | D:6      | Noticed a +2 long sword of chaos
  4957 | D:6      | Found a radiant altar of Vehumet.
  5029 | D:7      | Found a sparkling altar of Nemelex Xobeh.
  5084 | D:7      | Reached skill level 1 in Invocations
  5137 | D:7      | Found a deep blue altar of Sif Muna.
  5294 | D:7      | Reached XP level 9. HP: 63/69 MP: 7/10
  5541 | D:8      | Reached skill level 2 in Invocations
  5561 | D:8      | Found Utuif's Magic Scroll Shoppe.
  5584 | D:8      | Bought a scroll of identify for 30 gold pieces
  5584 | D:8      | Bought a scroll of fear for 52 gold pieces
  5584 | D:8      | Bought a scroll of identify for 30 gold pieces
  5585 | D:8      | Identified the +5 hunting sling of Geconnul {velocity, rC-
                  | MP-9 Str+9 SInv} (You found it on level 4 of the Dungeon)
  5723 | D:8      | Reached skill level 3 in Invocations
  5753 | D:8      | Paralysed by a hornet for 3 turns
  5767 | D:8      | Reached ** piety under Makhleb
  5767 | D:8      | Reached skill level 4 in Invocations
  6012 | D:8      | Noticed Erica
  6021 | D:8      | Killed Erica
  6127 | D:8      | Reached skill level 5 in Invocations
  6130 | D:8      | Noticed Harold
  6131 | D:8      | Gained mutation: Your movements are slightly less
                  | encumbered by armour. (ER -2) [demonic ancestry]
  6131 | D:8      | Reached XP level 10. HP: 79/79 MP: 13/13
  6141 | D:8      | Killed Harold
  6634 | D:9      | Reached *** piety under Makhleb
  6829 | D:9      | Found a runed translucent door.
  6830 | D:9      | Noticed swagumen's ghost (novice MiBe)
  6868 | D:9      | Reached skill level 6 in Invocations
  6962 | D:9      | Found a staircase to the Lair.
  7202 | D:8      | Reached **** piety under Makhleb
  7380 | D:9      | Reached skill level 7 in Invocations
  7475 | D:9      | Noticed Prince Ribbit
  7703 | D:10     | Entered Level 10 of the Dungeon
  7723 | D:10     | Found a staircase to the Orcish Mines.
  8304 | D:10     | Noticed an unseen horror
  8309 | D:10     | Killed an unseen horror
  8309 | D:10     | Gained mutation: You have a pair of horns on your head.
                  | [demonic ancestry]
  8309 | D:10     | Reached XP level 11. HP: 84/87 MP: 5/16
  8493 | D:10     | Reached ***** piety under Makhleb
  9076 | D:10     | Noticed a two-headed ogre
  9081 | D:10     | Killed a two-headed ogre
  9081 | D:10     | Reached skill level 8 in Invocations
  9115 | D:11     | Noticed a red ugly thing
  9123 | D:11     | Killed a red ugly thing
  9206 | D:11     | Noticed a purple ugly thing
  9225 | D:11     | Killed a purple ugly thing
  9362 | D:11     | Noticed a purple ugly thing
  9367 | D:11     | Killed a purple ugly thing
  9414 | D:11     | Found an ancient bone altar of Kikubaaqudgha.
  9703 | D:11     | Reached skill level 9 in Invocations
  9852 | D:12     | Noticed a deep elf mage
  9858 | D:12     | Killed a deep elf mage
  9891 | D:12     | Noticed a flayed ghost
  9891 | D:12     | Noticed a centaur warrior
  9892 | D:12     | Noticed a two-headed ogre
 10010 | D:12     | Found Affalod's Food Emporium.
 10049 | D:12     | Noticed a two-headed ogre
 10054 | D:12     | Killed a two-headed ogre
 10054 | D:12     | Reached skill level 10 in Invocations
 10147 | D:12     | Noticed Rupert
 10158 | D:12     | Killed Rupert
 10158 | D:12     | Gained mutation: You have a pair of large horns on your
                  | head. [demonic ancestry]
 10158 | D:12     | Reached XP level 12. HP: 74/95 MP: 9/20
 10181 | D:12     | Noticed a five-headed hydra
 10182 | D:12     | Noticed a centaur warrior
 10284 | D:12     | Reached skill level 10 in Axes
 10448 | Lair:1   | Entered Level 1 of the Lair of Beasts
 10527 | Lair:1   | Reached skill level 11 in Invocations
 11336 | Lair:2   | Noticed Fannar
 11346 | Lair:2   | Killed Fannar
 11351 | Lair:2   | Noticed Gastronok
 11364 | Lair:2   | Killed Gastronok
 11364 | Lair:2   | Reached skill level 12 in Invocations
 12022 | Lair:3   | Reached ****** piety under Makhleb
 12093 | Lair:3   | Found a frozen archway.
 12113 | IceCv    | Entered an ice cave
 12126 | IceCv    | Reached skill level 13 in Invocations
 12177 | IceCv    | Got a slimy ring mail
 12189 | IceCv    | Identified the +1 ring mail "Saki" {rPois rCorr} (You found
                  | it in an ice cave)
 12624 | Lair:3   | Reached XP level 13. HP: 99/101 MP: 20/23
 13225 | Lair:4   | Found a runed translucent door.
 13230 | Lair:4   | Noticed Krouwed's ghost (journeyman DsNe)
 13427 | D:6      | Killed SnubMonkey's ghost
 13706 | D:9      | Found a runed translucent door.
 13758 | D:9      | Found a staircase to the Lair.
 13827 | D:9      | Killed Prince Ribbit
 14192 | D:9      | Killed swagumen's ghost
 14548 | Lair:4   | Found a staircase to the Shoals.
 14551 | Lair:4   | Noticed Josephine
 14558 | Lair:4   | Killed Josephine
 14632 | Lair:4   | Found a staircase to the Snake Pit.
 15331 | Lair:5   | Reached skill level 14 in Invocations
 16583 | Lair:6   | Entered Level 6 of the Lair of Beasts
 16611 | Lair:6   | Reached skill level 10 in Fighting
 17381 | Lair:6   | Noticed Snorg
 17394 | Lair:6   | Killed Snorg
 17630 | Lair:6   | Reached XP level 14. HP: 111/111 MP: 21/24
 17650 | Lair:6   | Got a brightly glowing leather armour
 17653 | Lair:6   | Identified the +2 leather armour of Depression {MR+} (You
                  | found it on level 6 of the Lair of Beasts)
 17872 | Lair:6   | Got a shimmering rapier
 17873 | Lair:6   | Identified the +7 rapier of Dipekeu {flame, Int+3} (You
                  | found it on level 6 of the Lair of Beasts)
 17907 | Lair:6   | Got a jet-encrusted ring mail
 17918 | Lair:6   | Identified the +0 ring mail of Fotuheuh {rElec MP+9 Str+5
                  | Slay-2} (You found it on level 6 of the Lair of Beasts)
 17950 | Lair:6   | Found a staircase to the Slime Pits.
 18186 | Orc:1    | Entered Level 1 of the Orcish Mines
 18239 | Orc:1    | Noticed a balrug
 18553 | Orc:1    | Noticed an Executioner
 19045 | Orc:2    | Entered Level 2 of the Orcish Mines
 19251 | Orc:2    | Noticed a stone giant
 19265 | Orc:2    | Killed a stone giant
 19654 | Orc:2    | Reached skill level 10 in Shields
 19740 | Orc:2    | Found a staircase to the Elven Halls.
 19822 | Orc:2    | Found Xiud's Magic Scroll Emporium.
 19833 | Orc:2    | Reached skill level 10 in Armour
 19833 | Orc:2    | Reached skill level 15 in Invocations
 19848 | Orc:2    | Bought a scroll of magic mapping for 49 gold pieces
 19848 | Orc:2    | Bought a scroll of teleportation for 42 gold pieces
 19848 | Orc:2    | Bought a scroll of teleportation for 42 gold pieces
 19848 | Orc:2    | Bought a scroll of identify for 28 gold pieces
 19848 | Orc:2    | Bought a scroll of identify for 28 gold pieces
 19848 | Orc:2    | Bought a scroll of magic mapping for 49 gold pieces
 19848 | Orc:2    | Bought a scroll of blinking for 105 gold pieces
 19848 | Orc:2    | Bought a scroll of enchant armour for 105 gold pieces
 19863 | Orc:2    | Noticed an orc warlord
 19876 | Orc:2    | Killed an orc warlord
 20196 | Orc:2    | Found Yjyett's General Store.
 20294 | Orc:2    | Found a roughly hewn altar of Beogh.
 20747 | Orc:2    | Found a roughly hewn altar of Beogh.
 20859 | Orc:2    | Found Fiweack's Armour Boutique.
 20893 | Orc:2    | Found Ejeatiux's Distillery.
 20916 | Orc:2    | Bought a potion of heal wounds for 90 gold pieces
 20916 | Orc:2    | Bought a potion of heal wounds for 90 gold pieces
 21359 | Snake:1  | Entered Level 1 of the Snake Pit
 21378 | Snake:1  | Got a faintly humming chain mail
 21389 | Snake:1  | Identified the +0 chain mail "Xoosutuq" {Str+5} (You found
                  | it on level 1 of the Snake Pit)
 21431 | Snake:1  | Got an ivory battleaxe
 21444 | Snake:1  | Identified the +7 battleaxe of the Salmon {freeze, rElec
                  | rC+} (You found it on level 1 of the Snake Pit)
 21610 | Snake:1  | Got an ancient ring mail
 21628 | Snake:1  | Identified the +0 ring mail "Giddoirgh" {rPois Int+2} (You
                  | found it on level 1 of the Snake Pit)
 21690 | Snake:1  | HP: 5/113 [shock serpent (8)]
 21691 | Snake:1  | Slain by a shock serpent

Levels and vault maps discovered:
D:1:      wander_arrival_estate, layout_basic, minmay_circled_x
D:2:      layout_rooms, first_ration
D:3:      layout_loops_ring, grunt_temple_overflow_open,
          nicolae_overflow_hidden_temple, minmay_divided_ellipse
D:4:      layout_cave_pools, lemuel_temple_firewalk_b, uniq_crazy_yiuf_cottage,
          uniq_blork_the_orc, uniq_pikel
D:5:      layout_loops_ring, grunt_temple_overflow_forces_of_nature,
          lemuel_tele_altar
D:6:      layout_basic, vehumet_altar_wand_db, ebering_ghost_xom
D:7:      layout_cave_pools, nemelex_xobeh_ov_fountains_minmay, led_sif_pool
D:8:      layout_basic, serial_shops, shop, kennysheep_generic_room_11,
          uniq_erica, uniq_harold
D:9:      layout_roguey, erik_lair_orcish_takeover, gammafunk_ghost_grave,
          david_nohive_1, corexii_checkpoint_a, minivault_19, minmay_orc_keep,
          uniq_prince_ribbit1
D:10:     layout_loops_corners, david_orc_2
D:11:     layout_cave_pools, lemuel_mausoleum_altar_kikubaaqudgha
D:12:     layout_loops_ring, serial_shops, nicolae_shop_waterfront,
          onia_ninara_dug_in_and_dangerous, uniq_rupert
Temple:   eino_temple_lava
Lair:1:   layout_misc_corridors, serial_bayou_shore_b, lemuel_fruit_tree
Lair:2:   layout_regular_city, grunt_megastairs_5, uniq_gastronok, uniq_fannar
Lair:3:   layout_hall_layers, portal_ice_cave_demonic_guard,
          chequers_serial_rivers_large_b, grunt_forest_large_clearings
Lair:4:   layout_small_grid, minmay_shoals_entry_centaurs,
          minmay_snake_entry_guardpost_small, ebering_ghost_reflecting_pool,
          serial_bayou_shore_b, uniq_josephine
Lair:5:   layout_cave_pods, serial_bayou_shore_a
Lair:6:   hangedman_lair_in_review, layout_big_grid, dpeg_slime_entry_corner,
          chequers_serial_rivers_micro_e, uniq_snorg
Snake:1:  kennysheep_six_static_rooms, layout_misc_corridors,
          nicolae_snake_salamander_stairs
Orc:1:    layout_caves, nicolae_orc_crystal_geode
Orc:2:    pubby_orc_utopia

Skill      XL: |  1  2  3  4  5  6  7  8  9 10 11 12 13 14 |
---------------+-------------------------------------------+-----
Axes           | 2 3 4 5 6 7 8 9 11 12 | 12.8
Armour         | 3 4 5 6 7 8 9 10 | 10.4
Fighting       | 4 5 6 7 8 9 10 11 | 11.2
Shields        | 3 4 5 6 7 8 9 10 | 10.5
Invocations    | 1 5 7 10 13 14 15 | 15.4

Action                   |  1- 3 |  4- 6 |  7- 9 | 10-12 | 13-15 || total
-------------------------+-------+-------+-------+-------+-------++-------
Melee: War axe           |   120 |   145 |   232 |   673 |   741 ||  1911
       Headbutt          |     8 |    23 |    38 |   127 |   158 ||   354
       Spear             |       |       |       |       |     3 ||     3
 Fire: Hunting sling     |       |       |       |    41 |     6 ||    47
Throw: Dart              |       |    15 |    12 |     8 |    11 ||    46
Invok: Minor Destruction |       |       |       |     2 |       ||     2
       Major Destruction |       |       |       |     2 |     6 ||     8
       Greater Servant o |       |       |       |       |     5 ||     5
Evoke: Wand              |       |       |       |    11 |       ||    11
       Lightning rod     |       |       |       |     5 |     6 ||    11
       Sack of spiders   |       |       |       |       |     4 ||     4
       Lamp of fire      |       |       |       |       |     1 ||     1
  Use: Scroll            |     7 |     4 |     9 |    11 |     9 ||    40
       Potion            |       |     1 |     1 |     5 |     6 ||    13
 Stab: Distracted        |       |       |       |     2 |     6 ||     8
       Confused          |       |       |       |       |     1 ||     1
  Eat: Chunk             |     1 |     3 |    10 |    11 |    18 ||    43
       Ration            |       |     1 |       |     3 |     4 ||     8
Armor: Scale mail        |    65 |    53 |       |       |       ||   118
       Chain mail        |       |    20 |   133 |   208 |   191 ||   552
       Plate armour      |       |       |       |       |    34 ||    34
Dodge: Dodged            |    35 |    42 |    45 |   127 |   118 ||   367
Block: Shield            |    67 |    75 |   171 |   561 |   601 ||  1475
       Reflection        |       |       |       |    24 |    28 ||    52

Table legend:
 A = Non-vault XP
 B = Vault XP
 C = Vault XP percentage of total XP
 D = Non-vault monster count
 E = Vault monster count
 F = Vault count percentage of total count
                 A         B        C        D         E       F
            +---------+---------+-------+---------+---------+-------
      Total |   44184 |   48443 |  52.3 |     441 |     308 |  41.1
            +---------+---------+-------+---------+---------+-------
        D:1 |      60 |       7 |  10.4 |      26 |       4 |  13.3
        D:2 |      55 |       0 |   0.0 |      21 |       0 |   0.0
        D:3 |     135 |     467 |  77.6 |      34 |      12 |  26.1
        D:4 |     233 |     617 |  72.6 |      11 |       2 |  15.4
        D:5 |     269 |       0 |   0.0 |       9 |       0 |   0.0
        D:6 |     636 |    1209 |  65.5 |      26 |       3 |  10.3
        D:7 |     381 |       0 |   0.0 |      14 |       0 |   0.0
        D:8 |    2391 |    2016 |  45.7 |      43 |      15 |  25.9
        D:9 |    1260 |    2528 |  66.7 |      29 |      28 |  49.1
       D:10 |    3470 |     467 |  11.9 |      38 |       7 |  15.6
       D:11 |    3986 |     497 |  11.1 |      33 |      12 |  26.7
       D:12 |    3577 |    2284 |  39.0 |      21 |       1 |   4.5
     Lair:1 |    1666 |       0 |   0.0 |       7 |       0 |   0.0
     Lair:2 |     391 |    2848 |  87.9 |       3 |       4 |  57.1
     Lair:3 |    3174 |    3191 |  50.1 |      18 |      25 |  58.1
     Lair:4 |    4499 |    2503 |  35.7 |      24 |      12 |  33.3
     Lair:5 |    4599 |       0 |   0.0 |      24 |       0 |   0.0
     Lair:6 |    6682 |    7122 |  51.6 |      25 |      19 |  43.2
    Snake:1 |    5261 |       0 |   0.0 |      11 |       0 |   0.0
      Orc:1 |    1459 |       0 |   0.0 |      24 |       0 |   0.0
      Orc:2 |       0 |   19631 | 100.0 |       0 |     153 | 100.0
      IceCv |       0 |    3056 | 100.0 |       0 |      11 | 100.0
            +---------+---------+-------+---------+---------+-------
